 Dungeon Crawl Stone Soup version 0.30.1 (webtiles) character file.

Game seed: 4362669358179154086

2837 GeoRichter the Cleaver (level 9, -1/66 (75) HPs)
             Began as a Purple Draconian Warper on July 8, 2023.
             Was a Believer of Ashenzari.
             Slain by a wight
             ... wielding a +2 long sword
              (9 damage)
             ... on level 8 of the Dungeon.
             The game lasted 00:14:05 (7062 turns).

GeoRichter the Cleaver (Purple Draconian Warper)    Turns: 7062, Time: 00:14:06

HP:   -1/66 (75)    AC:  9    Str: 16    XL:     9   Next: 45%
MP:   5/12          EV: 17    Int: 15    God:    Ashenzari [**....]
Gold: 260           SH:  0    Dex: 11    Spells: 3/12 levels left

rFire   . . .        v - +0 war axe
rCold   . . .        (no shield)
rNeg    . . .        (body armour unavailable)
rPois   .            z - +1 hat
rElec   .            k - +0 cloak of Desmomancy {Alch, Fort} (curse)
rCorr   .            (no gloves)
SInv    +            (no boots)
Will    +....        u - amulet of the Fated Shame {Acrobat, Evo, Comp} (curse)
Stlth   +            f - ring of the Cosmic Augur {EV+5, Cun, Fort} (curse)
HPRegen 0.31/turn    (no ring)
MPRegen 0.13/turn

%: acrobat
@: heavily drained
A: breathe power, AC +7, unfitting armour, cold-blooded
a: Breathe Dispelling Energy, Renounce Religion, Curse Item, Shatter the Chains


You were on level 8 of the Dungeon.
You worshipped Ashenzari.
Ashenzari was pleased with you.
You visited 1 branch of the dungeon, and saw 8 of its levels.

You collected 295 gold pieces.
You spent 35 gold pieces at shops.

Inventory:

Hand Weapons
 s - a +0 flail
   (You found it on level 3 of the Dungeon)
 v - a +0 war axe (weapon)
   (You bought it in a shop on level 1 of the Dungeon)
Missiles
 c - 10 boomerangs of dispersal {!f}
 d - 4 curare-tipped darts {!f}
 n - 4 javelins (quivered)
 B - 3 boomerangs
Armour
 k - the cursed +0 cloak of Desmomancy (worn) {Alch, Fort}
   (You found it on level 1 of the Dungeon)

   It has a curse which improves the following skills: Alchemy: Poison Magic and
   Transmutations.
   Fortitude: Shields.
 z - a +1 hat (worn)
   (You found it on level 7 of the Dungeon)
Magical Staves
 A - the staff of cold "Omiuguve" {rF++ rC+ MP-9 Str+2 Dex+2}
   (You found it on level 7 of the Dungeon)

   [staff of cold]

   Base accuracy: +5 Base damage: 5 Base attack delay: 1.2 This weapon's minimum
   attack delay (0.6) is reached at skill level 12.
   Str:       It affects your strength (+2).
   Dex:       It affects your dexterity (+2).
   rF:        It greatly protects you from fire.
   rC:        It protects you from cold.
   MP:        It affects your magic capacity (-9).
   It falls into the 'Staves' category.
   It is a one-handed weapon.
Jewellery
 f - the cursed ring of the Cosmic Augur (left hand) {EV+5, Cun, Fort}
   (You found it on level 1 of the Dungeon)

   [ring of evasion]

   EV:        It affects your evasion (+5).
   It has a curse which improves the following skills: Cunning: Dodging and
   Stealth.
   Fortitude: Shields.
 u - the cursed amulet of the Fated Shame (around neck) {Acrobat, Evo, Comp}
   (You found it on level 3 of the Dungeon)

   [amulet of the acrobat]

   It increases your evasion while moving and waiting.
   It has a curse which improves the following skills: Evocations: Evocations.
   Companions: Summonings and Necromancy.
Scrolls
 b - 2 scrolls of blinking
 h - a scroll of immolation {!r}
 i - a scroll of teleportation {@r4}
 l - 2 scrolls of butterflies
 o - a scroll of poison {!r}
 p - a scroll of fog
 t - a scroll of silence
 x - a scroll of magic mapping
 y - a scroll of amnesia
Potions
 a - 2 potions of flight
 e - 2 potions of lignification {!q}
 g - 3 potions of heal wounds {@q2}
 m - 3 potions of curing {@q1}
 q - 2 potions of resistance
 r - 2 potions of brilliance
 w - 2 potions of mutation {!q}


   Skills:
 + Level 6.0 Fighting
 + Level 10.1 Axes
 - Level 0.8 Throwing
 - Level 2.1(3.0) Dodging
 - Level 2.4 Spellcasting
 * Level 7.5 Translocations


You had 3 spell levels left.
You knew the following spells:

 Your Spells              Type           Power      Damage    Failure   Level
a - Blink                 Tloc           48%        N/A       1%          2
b - Teleport Other        Tloc           24%        N/A       3%          3
c - Manifold Assault      Tloc           24%        N/A       10%         4

Your spell library contained the following spells:

 Spells                   Type           Power      Damage    Failure   Level
 Apportation              Tloc           48%        N/A       1%          1
 Lesser Beckoning         Tloc           48%        N/A       1%          2
 Vhi's Electric Charge    Tloc/Air       26%        N/A       14%         3
 Necrotise                Necr           8%         1d4       21%         1
 Summon Small Mammal      Summ           8%         N/A       21%         1
 Cigotuvi's Dreadful Rot  Necr/Pois/Air  4%         N/A       30%         2
 Ensorcelled Hibernation  Hex/Ice        2%         N/A       32%         2
 Spider Form              Tmut/Pois      2%         N/A       52%         3
 Dispel Undead            Necr           2%         3d7       90%         4
 Anguish                  Hex/Necr       0%         N/A       91%         4
 Leda's Liquefaction      Hex/Erth       0%         N/A       91%         4
 Arcjolt                  Conj/Air       0%         1d10      99%         5
 Lee's Rapid Deconstruct  Erth           0%         3d4*      99%         5
 Death Channel            Necr           1%         N/A       100%        6
 Plasma Beam              Fire/Air       0%         2x1d11    100%        6
 Statue Form              Tmut/Erth      0%         N/A       100%        6


Dungeon Overview and Level Annotations

Branches:
Dungeon (8/15) Zot: 26532  Temple (0/1) D:6
   Lair: D:8-11

Altars:
Ashenzari
Sif Muna
The Shining One

Shops:
D:1 (

Annotations:
D:6 1 runed translucent door, Crazy Yiuf
D:8 1 runed translucent door, SuvarnaParana's ghost, novice MiBe


Innate Abilities, Weirdness & Mutations

You can breathe bolts of dispelling energy.
Your rich purple scales are hard. (AC +7)
You cannot fit into any form of body armour.
You are cold-blooded and may be slowed by cold attacks.


Message History

You barely miss the wight.
The wight is severely damaged.
You barely miss the wight. The wight misses you.
The wight hits you with a +0 spear!
You feel drained.
You closely miss the wight.
The wight is severely damaged.
You hit the wight but do no damage. The wight closely misses you.
The wight hits you with a +0 spear!
* * * LOW HITPOINT WARNING * * *
You hit the wight but do no damage.
The wight is lightly damaged.
You hit the wight but do no damage.
The wight hits you with a +2 long sword.
* * * LOW HITPOINT WARNING * * *
The wight hits you with a +0 spear.
* * * LOW HITPOINT WARNING * * *
You hit the wight.
The wight is lightly damaged.
You barely miss the wight. The wight closely misses you.
The wight barely misses you.
Unknown command.
You slash the wight!
The wight is severely damaged.
You hit the wight but do no damage.
You have got your breath back.
The wight misses you. The wight barely misses you.
Unknown command.
You closely miss the wight.
The wight is severely damaged.
You hit the wight. The wight closely misses you. x2
Unknown command.
You slash the wight!
You destroy the wight!
You hit the wight.
The wight hits you with a +2 long sword.
* * * LOW HITPOINT WARNING * * *
You feel drained.
Things that are here:
a +0 spear; a +0 robe Unknown command.
You closely miss the wight.
The wight is severely damaged.
The wight hits you with a +2 long sword!
* * * LOW HITPOINT WARNING * * *
You feel drained.
* * * LOW HITPOINT WARNING * * *
You barely miss the wight.
The wight is severely damaged.
The wight hits you with a +2 long sword!
You die...

....#........#$.....#,
....#........#......#,
....#........+......+,
, ....##..##...#.....
* .....#..##...#....#
.....#.......#....# ,
.....#.......#....# ,
.....#.......#..z.# *
#.......#.)@.# ,* , ,
,, , #.......'....#,
*,, , #####..##....#
*, ,, *####.†..## * *
#....# , * * ,,,
#....+ , .#####....#,
, .. ..........#, ,
.., ..........#, ,, ,
*


You could see a wight.

Vanquished Creatures
  Maggie (D:8)
  A hornet (D:8)
  Sigmund (D:3)
  An ice beast (D:6)
  2 orc warriors
  A black bear (D:4)
  2 ogres
  2 centaurs (D:5)
  A phantom (D:7)
  A kobold brigand (D:7)
  A bullfrog (D:7)
  2 scorpions
  5 wights
  3 howler monkeys (D:7)
  2 gnoll boudas
  2 hounds
  3 jellies
  3 orc priests
  2 iguanas
  3 orc wizards
  15 gnolls
  9 adders
  A white imp (D:5)
  A worm (D:2)
  A dart slug (D:3)
  20 orcs
  6 ball pythons
  7 giant cockroaches
  3 hobgoblins
  6 jackals
  5 quokkas
  A bat (D:3)
  3 frilled lizards
  7 goblins
  5 kobolds
  6 rats
135 creatures vanquished.

Vanquished Creatures (others)
  A howler monkey (D:7)
1 creature vanquished.

Grand Total: 136 creatures vanquished

Notes
Turn   | Place    | Note
-------+----------+-------------------------------------------
     0 | D:1      | GeoRichter the Draconian Warper began the quest for the
                  | Orb.
     0 | D:1      | Reached XP level 1. HP: 17/17 MP: 3/3
   196 | D:1      | Found a faded altar of an unknown god.
   359 | D:1      | Prayed at the altar of an unknown god.
   359 | D:1      | Became a worshipper of Ashenzari the Shackled
   568 | D:1      | Found Gelofit's Weapon Shoppe.
   710 | D:1      | Reached XP level 2. HP: 24/24 MP: 5/5
   863 | D:2      | Reached skill level 3 in Axes
   988 | D:2      | Reached * piety under Ashenzari
  1105 | D:2      | Reached XP level 3. HP: 29/29 MP: 6/6
  1496 | D:3      | Noticed Sigmund
  1502 | D:3      | Killed Sigmund
  1503 | D:3      | Reached skill level 5 in Axes
  1503 | D:3      | Reached XP level 4. HP: 27/36 MP: 7/7
  1503 | D:3      | Reached XP level 5. HP: 31/41 MP: 8/8
  1852 | D:3      | Reached skill level 6 in Axes
  2166 | D:1      | Bought a +0 war axe for 35 gold pieces
  2545 | D:4      | Reached XP level 6. HP: 48/48 MP: 9/9
  2956 | D:4      | Reached skill level 7 in Axes
  3315 | D:5      | Entered Level 5 of the Dungeon
  3522 | D:5      | Your scales start taking on a rich purple colour.
  3522 | D:5      | Reached XP level 7. HP: 44/55 MP: 10/10
  3577 | D:5      | Reached skill level 8 in Axes
  3596 | D:5      | Learned a level 2 spell: Blink
  3754 | D:5      | Reached ** piety under Ashenzari
  3987 | D:5      | Learned a level 3 spell: Teleport Other
  4102 | D:5      | Found a glowing golden altar of the Shining One.
  4102 | D:5      | Found a shimmering blue altar of Sif Muna.
  4347 | D:6      | Found a staircase to the Ecumenical Temple.
  4398 | D:6      | Reached XP level 8. HP: 63/63 MP: 11/11
  4426 | D:6      | Reached skill level 9 in Axes
  4900 | D:6      | Identified the +8 sling "Goblinslayer" {heavy, rElec rF+
                  | Stlth+}
  5171 | D:6      | Found a runed translucent door.
  5172 | D:6      | Noticed Crazy Yiuf
  5347 | D:7      | Reached skill level 5 in Translocations
  5363 | D:7      | Learned a level 4 spell: Manifold Assault
  6225 | D:7      | Reached skill level 5 in Fighting
  6252 | D:7      | Reached XP level 9. HP: 72/74 MP: 12/12
  6298 | D:7      | Identified the staff of cold "Omiuguve" {rF++ rC+ MP-9
                  | Str+2 Dex+2}
  6602 | D:8      | Found a runed translucent door.
  6605 | D:8      | Identified the +1 spear "Ogrebane" {spect, rPois rN+}
  6605 | D:8      | Noticed SuvarnaParana's ghost (novice MiBe)
  6621 | D:8      | Noticed a polar bear
  6677 | D:8      | Noticed Maggie
  6698 | D:8      | Killed Maggie
  6699 | D:8      | Reached skill level 10 in Axes
  6875 | D:8      | Paralysed by a hornet for 1 turns
  6886 | D:8      | Paralysed by a hornet for 1 turns
  7062 | D:8      | Slain by a wight

Illustrated notes

Levels and vault maps discovered:
D:1:      sevenhm_arrival_forest_fort_large_4, layout_loops_ring,
          shapermc_ecumenical_altar_gd, serial_shops, nicolae_lakefront_shop,
          hangedman_glass_teeth
D:2:      layout_loops_cross
D:3:      layout_loops_ring, uniq_sigmund
D:4:      layout_loops_corners
D:5:      layout_rooms, gammafunk_temple_overflow_statue
D:6:      layout_basic, minmay_temple_entry_crystal_x, uniq_crazy_yiuf_cottage
D:7:      layout_basic, sigmund_army
D:8:      layout_gridville, ebering_ghost_funeral_grove, minivault_23,
          uniq_maggie

Skill      XL: |  1  2  3  4  5  6  7  8  9 |
---------------+----------------------------+-----
Axes           | 3 5 6 7 8 9 10 | 10.1
Fighting       | 3 5 6 |  6.0
Translocations | 6 7 |  7.5
Throwing       | |  0.8
Dodging        | |  2.1
Spellcasting   | |  2.4

Action                     |  1- 3 |  4- 6 |  7- 9 || total
---------------------------+-------+-------+-------++-------
  Melee: Hand axe          |    68 |    40 |       ||   108
         Tailslap          |     6 |    10 |    55 ||    71
         War axe           |       |    90 |   341 ||   431
         Punch             |       |     2 |     4 ||     6
  Throw: Javelin           |     1 |    11 |    10 ||    22
         Throwing net      |       |       |     1 ||     1
   Cast: Manifold Assault  |       |       |     6 ||     6
 Invoke: Curse Item        |     2 |       |     1 ||     3
Ability: Breathe Dispellin |       |       |     4 ||     4
  Evoke: Wand              |     5 |       |       ||     5
    Use: Potion            |       |       |     3 ||     3
         Scroll            |       |       |     1 ||     1
   Stab: Sleeping          |       |     2 |       ||     2
         Distracted        |       |     1 |     1 ||     2
 Armour: Skin              |     9 |    49 |    63 ||   121
  Dodge: Dodged            |    53 |   151 |   346 ||   550
